 Dungeon Crawl Stone Soup version 0.30-a0-743-gbfdf073431 (webtiles) character file.

Game seed: 16300675503728484099

72 BRD the Chopper (level 4, -26/34 HPs)
             Began as a Demonspawn Gladiator on Feb 8, 2023.
             Annihilated by an ogre
             ... wielding a +0 giant club
              (34 damage)
             ... on level 3 of the Dungeon.
             The game lasted 00:02:53 (1650 turns).

BRD the Chopper (Demonspawn Gladiator)              Turns: 1650, Time: 00:02:54

Health: -26/34     AC:  4    Str: 15    XL:     4   Next: 7%
Magic:  4/4        EV: 13    Int: 11    God:
Gold:   74         SH:  0    Dex: 16    Spells: 3/3 levels left

rFire   . . .      SeeInvis .    a - +0 war axe
rCold   . . .      Faith    .    (no shield)
rNeg    . . .      Spirit   .    b - +0 leather armour
rPois   .          Reflect  .    c - +0 helmet
rElec   .          Harm     .    (no cloak)
rCorr   .          Rampage  .    (no gloves)
Will    .....                    (no boots)
Stlth   ++                       (no amulet)
HPRegen 0.25/turn                (no ring)
MPRegen 0.09/turn                (no ring)

@: no status effects
A: thin skeletal structure 1, ignite blood 1, demonic magic 1
a: no special abilities


You were on level 3 of the Dungeon.
You visited 1 branch of the dungeon, and saw 3 of its levels.

You collected 74 gold pieces.

Inventory:

Hand Weapons
 a - a +0 war axe (weapon)
Missiles
 d - 3 throwing nets
 e - a javelin (quivered)
Armour
 b - a +0 leather armour (worn)
 c - a +0 helmet (worn)
Jewellery
 k - a ring of fire
Scrolls
 f - 2 scrolls of teleportation {unknown}
 i - a scroll of acquirement {unknown}
 j - 3 scrolls of identify {unknown}
 o - a scroll of immolation {unknown}
 p - a scroll of amnesia {unknown}
 q - a scroll of vulnerability {unknown}
 r - a scroll of butterflies {unknown}
Potions
 g - 5 potions of curing {unknown}
 h - a potion of heal wounds {unknown}
 l - a potion of might {unknown}
 m - 2 potions of magic {unknown}
 n - a potion of brilliance {unknown}


   Skills:
 + Level 2.9 Fighting
 + Level 3.3 Axes
 - Level 2.0 Throwing
 + Level 3.3 Dodging


You had 3 spell levels left.
You didn't know any spells.
Your spell library contained the following spells:

 Spells                   Type           Power      Damage    Failure   Level
 Ozocubu's Armour         Ice            0%         N/A       78%         3
 Metabolic Englaciation   Hex/Ice        0%         N/A       100%        5
 Simulacrum               Ice/Necr       0%         N/A       100%        6


Dungeon Overview and Level Annotations

Branches:
Dungeon (3/15)

Altars:

Shops:
D:2 ?


Innate Abilities, Weirdness & Mutations

You have a somewhat thin skeletal structure. (Dex +2, Stealth+)
Your demonic aura sometimes causes spilled blood to erupt in flames.
Spells you cast may paralyse adjacent enemies.


Message History

A goblin is nearby!
The goblin shouts!
An ogre comes into view. It is wielding a +0 giant club.
The ogre shouts!
You hit the goblin.
You kill the goblin!
Things that are here:
a +0 club; a goblin corpse You closely miss the ogre.
The ogre barely misses you.
You hit the ogre.
The ogre is lightly wounded.
The ogre barely misses you.
A worm comes into view.
You slash the ogre!
The ogre is heavily wounded.
The ogre closely misses you.
You hit the ogre.
The ogre is heavily wounded.
The ogre barely misses you.
You barely miss the ogre.
The ogre is heavily wounded.
The ogre closely misses you.
You barely miss the ogre.
The ogre is heavily wounded.
You completely miss the ogre.
The ogre is heavily wounded.
The ogre hits you with a +0 giant club!!
Ouch! That really hurt!
* * * LOW HITPOINT WARNING * * *
You are too injured to fight recklessly!
You are too injured to fight recklessly!
You are too injured to fight recklessly!
You are too injured to fight recklessly!
Unknown command.
You are too injured to fight recklessly!
You hit the ogre.
The ogre is almost dead.
The ogre hits you with a +0 giant club!!
Ouch! That really hurt!
You die...

.....# .....##
......# ......#
w...... #
####...#... #.
#...O...... #.
##.○@.).....
####.##...........
#.................
#..>..............
#.................
#.................
#.................
#.......#.....#...
#.......##.#####.


You could see an ogre and a worm.

Vanquished Creatures
  A worm (D:2)
  A dart slug (D:2)
  9 endoplasms
  2 giant cockroaches
  5 goblins
  5 hobgoblins
  10 jackals
  4 quokkas
  3 ball pythons
  6 bats (D:1)
  3 frilled lizards (D:1)
  5 kobolds
  3 rats
57 creatures vanquished.

Notes
Turn   | Place    | Note
-------+----------+-------------------------------------------
     0 | D:1      | BRD the Demonspawn Gladiator began the quest for the Orb.
     0 | D:1      | Reached XP level 1. HP: 16/16 MP: 1/1
    34 | D:1      | Found a faded altar of an unknown god.
    64 | D:1      | Gained mutation: Your demonic aura sometimes causes spilled
                  | blood to erupt in flames. [demonic ancestry]
    64 | D:1      | Reached XP level 2. HP: 22/22 MP: 2/2
   565 | D:1      | Gained mutation: You have a somewhat thin skeletal
                  | structure. (Dex +2, Stealth+) [demonic ancestry]
   565 | D:1      | Reached XP level 3. HP: 28/28 MP: 3/3
  1148 | D:2      | Gained mutation: Spells you cast may paralyse adjacent
                  | enemies. [demonic ancestry]
  1148 | D:2      | Reached XP level 4. HP: 34/34 MP: 4/4
  1195 | D:2      | Found Wiamat's Magic Scroll Emporium.
  1639 | D:3      | Noticed an ogre
  1650 | D:3      | Annihilated by an ogre

Illustrated notes

Levels and vault maps discovered:
D:1:      heliophobic_arrival_henge, layout_loops_ring,
          hellmonk_ecumenical_altar_lost_god, st_stairs_6
D:2:      layout_loops_ring, serial_shops, shop, grunt_ministairs_6,
          minmay_pentomino_v4
D:3:      layout_rooms, ebering_dispersal_statue_hall, st_stairs_8,
          nrook_mini_vaults, uniq_sigmund

Skill      XL: |  1  2 |
---------------+-------+-----
Throwing       | 2 |  2.0
Axes           | 3 |  3.3
Dodging        | 3 |  3.3
Fighting       | |  2.9

Action                     |  1- 3 |  4- 6 || total
---------------------------+-------+-------++-------
  Melee: War axe           |   125 |    16 ||   141
   Stab: Sleeping          |     4 |     1 ||     5
 Armour: Leather armour    |    50 |       ||    50
  Dodge: Dodged            |    87 |     9 ||    96

Table legend: (Time is in decaauts)
 A = Elapsed time spent in this place.
 B = Non-inter-level travel time spent in this place.
 C = Inter-level travel time spent in this place.
 D = Time resting spent in this place.
 E = Time spent auto-exploring this place.
 F = Levels seen in this place.
 G = Mean time per level.
                   A        B        C        D        E       F      G
               +--------+--------+--------+--------+--------+-----+--------+
         Total |   1698 |   1656 |     42 |      0 |   1309 |   3 |  566.0 |
       Dungeon |   1698 |   1656 |     42 |      0 |   1309 |   3 |  566.0 |
               +--------+--------+--------+--------+--------+-----+--------+

Top non-repeatable levels by time:
     D:2: 875 daAuts
     D:1: 791 daAuts
     D:3: 31 daAuts
